 Dungeon Crawl Stone Soup version 0.30-a0-591-g3c58d2bc28 (webtiles) character file.

Game seed: 8454650374071055612

61247 zero the Thaumaturge (level 15, 0/92 HPs)
             Began as a Gargoyle Earth Elementalist on Jan 5, 2023.
             Was the Champion of Kikubaaqudgha.
             Hit by a large rock thrown by a stone giant (5 damage)
             ... on level 1 of the Orcish Mines.
             The game lasted 00:30:34 (26746 turns).

zero the Thaumaturge (Gargoyle Earth Elementalist) Turns: 26746, Time: 00:30:35

Health: 0/92       AC: 24    Str: 12    XL:     15   Next: 2%
Magic:  27/31      EV: 12    Int: 29    God:    Kikubaaqudgha [******]
Gold:   1730       SH:  0    Dex: 10    Spells: 3/38 levels left

rFire   + . .      SeeInvis +    I - +8 shortbow (flame)
rCold   . . .      Faith    .    (shield currently unavailable)
rNeg    + . .      Spirit   .    f - +1 robe {Will+}
rPois   ∞          Reflect  .    D - +2 hat {SInv}
rElec   +          Harm     .    q - +0 cloak
rCorr   .          Rampage  .    w - +2 pair of gloves
Will    +....                    M - +2 pair of boots
Stlth   ++                       Q - amulet of regeneration
HPRegen 1.15/turn                v - +6 ring of intelligence
MPRegen 0.22/turn                R - ring "Xuittuc" {Fly rElec rF+ Will- Slay+2}

@: flying
A: sickness immunity, AC +11, big wings, negative energy resistance 1,
electricity resistance, torment resistance 1, petrification resistance
a: Renounce Religion, Unearth Wretches, Torment, Brand Weapon With Pain, Receive
Forbidden Knowledge


You were on level 1 of the Orcish Mines.
You worshipped Kikubaaqudgha.
Kikubaaqudgha was exalted by your worship.
You visited 3 branches of the dungeon, and saw 21 of its levels.

You collected 1750 gold pieces.
You spent 20 gold pieces at shops.

Inventory:

Hand Weapons
 x - a +1 trident of pain
 I - a +8 shortbow of flaming (weapon)
Missiles
 P - 5 curare-tipped darts
Armour
 f - a +1 robe of willpower (worn)
 q - a +0 cloak (worn)
 r - a +1 helmet
 w - a +2 pair of gloves (worn)
 D - a +2 hat of see invisible (worn)
 G - +0 steam dragon scales
 M - a +2 pair of boots (worn)
Jewellery
 j - a ring of willpower
 n - a +5 ring of evasion
 v - a +6 ring of intelligence (left hand)
 E - an amulet of reflection
 L - a ring of resist corrosion
 Q - an amulet of regeneration (around neck)
 R - the ring "Xuittuc" (right hand) {Fly rElec rF+ Will- Slay+2}
   (You found it on level 5 of the Lair of Beasts)

   [ring of protection from fire]

   Slay:      It affects your accuracy & damage with ranged weapons and melee
   (+2).
   rF:        It protects you from fire.
   rElec:     It insulates you from electricity.
   Fly:       It grants you flight.
   Will:      It decreases your willpower.
Wands
 g - a wand of light (8)
 h - a wand of charming (27)
 A - a wand of flame (15)
 H - a wand of iceblast (4)
Scrolls
 a - 12 scrolls of identify
 m - 4 scrolls of fear
 s - 4 scrolls of amnesia
 t - 4 scrolls of fog
 u - 5 scrolls of vulnerability
 y - 8 scrolls of teleportation
 z - 4 scrolls of blinking
 B - a scroll of enchant weapon
 C - 3 scrolls of poison
Potions
 b - 2 potions of magic
 c - 16 potions of curing
 d - 4 potions of heal wounds
 e - 8 potions of haste
 i - 3 potions of attraction
 k - a potion of lignification
 l - 10 potions of ambrosia
 o - 2 potions of mutation
 p - 2 potions of resistance
 J - 2 potions of berserk rage
 K - 4 potions of cancellation
 N - 5 potions of might
 O - 4 potions of brilliance


   Skills:
 - Level 10.0 Fighting
 - Level 5.0 Ranged Weapons
 - Level 5.0 Armour
 - Level 2.0 Dodging
 - Level 2.1 Stealth
 + Level 12.3 Spellcasting
 - Level 10.0 Conjurations
 * Level 9.8 Necromancy
 - Level 1.0 Transmutations
 - Level 6.0 Fire Magic
 * Level 6.3 Ice Magic
 - Level 10.0 Earth Magic
 - Level 6.0 Poison Magic


You had 3 spell levels left.
You knew the following spells:

 Your Spells              Type           Power      Damage    Failure   Level
a - Death Channel         Necr           33%        N/A       8%          6
b - Stone Arrow           Conj/Erth      100%       3d13      1%          3
c - Passwall              Tmut/Erth      40%        N/A       1%          2
d - Simulacrum            Ice/Necr       30%        N/A       16%         6
e - Fireball              Conj/Fire      29%        3d13      3%          5
t - Olgreb's Toxic Radia  Pois           51%        N/A       2%          4
v - Borgnjor's Vile Clut  Necr/Erth      33%        N/A       1%          5
E - Animate Dead          Necr           66%        N/A       1%          4

Your spell library contained the following spells:

 Spells                   Type           Power      Damage    Failure   Level
 Kiss of Death            Conj/Necr      100%       2d13      1%          1
 Necrotise                Necr           100%       1d9       1%          1
 Sandblast                Erth           100%       2d20      1%          1
 Shock                    Conj/Air       100%       1d9       1%          1
 Sting                    Tmut/Pois      100%       1d8       1%          1
 Poisonous Vapours        Pois/Air       70%        N/A       1%          2
 Ozocubu's Armour         Ice            53%        N/A       1%          3
 Vampiric Draining        Necr           66%        2d10      1%          3
 Inner Flame              Hex/Fire       35%        N/A       2%          3
 Wereblood                Tmut           23%        N/A       3%          2
 Kindle Blastsparks       Fire/Tloc/Air  58%        2d14      3%          3
 Swiftness                Air            17%        N/A       9%          3
 Flame Wave               Conj/Fire      59%        2d14      1%          4
 Sticky Flame             Conj/Fire      59%        2d7       1%          4
 Agony                    Necr           66%        N/A       1%          5
 Iskenderun's Battlesphe  Conj           66%        2d12      1%          5
 Lee's Rapid Deconstruct  Erth           33%        3d17*     1%          5
 Anguish                  Hex/Necr       23%        N/A       3%          4
 Fulminant Prism          Conj/Hex       23%        3d12      3%          4
 Iskenderun's Mystic Bla  Conj/Tloc      46%        2d10      3%          4
 Leda's Liquefaction      Hex/Erth       23%        N/A       3%          4
 Petrify                  Tmut/Erth      49%        N/A       3%          4
 Irradiate                Conj/Tmut      24%        3d19      9%          5
 Metabolic Englaciation   Hex/Ice        18%        N/A       22%         5
 Airstrike                Air            8%         2d(2-18)  28%         4
 Cause Fear               Hex            8%         N/A       28%         4
 Orb of Destruction       Conj           33%        9d10      38%         7
 Conjure Ball Lightning   Conj/Air       23%        3x3d6     50%         6
 Summon Forest            Summ/Tloc      8%         N/A       63%         5
 Eringya's Noxious Bog    Tmut/Pois      19%        N/A       71%         6
 Dragon Form              Tmut           11%        N/A       100%        7
 Summon Hydra             Summ           8%         N/A       100%        7
 Dragon's Call            Summ           8%         N/A       100%        9
 Sublimation of Blood     Necr           Unusable   N/A       N/A         2
 Statue Form              Tmut/Erth      Unusable   N/A       N/A         6

Dungeon Overview and Level Annotations

Branches:
Dungeon (14/15)            Temple (0/1) D:7            Lair (5/5) D:8
  Swamp (0/4) Lair:3       Spider (0/4) Lair:3        Slime (0/5) Lair:4
    Orc (2/2) D:9          Vaults (0/5) D:14
    Elf: Orc:2

Altars:
Ashenzari
Cheibriados
Dithmenos
Elyvilon
Fedhas
Gozag
Hepliaklqana
Kikubaaqudgha
Makhleb
Nemelex Xobeh
Okawaru
Qazlal
Ru
Trog
Uskayaw
Vehumet
Wu Jian
Xom
Yredelemnul
Zin
The Shining One
Jiyva

Shops:
D:1 [   D:3 *   D:4 [   D:8 :*

Portals:
Trove: D:10 (give 14 scrolls of teleportation)

Annotations:
D:3 Grinder
D:10 1 runed translucent door
D:12 3 runed translucent doors, heinrich's ghost, journeyman VSBr
Lair:4 1 runed translucent door


Innate Abilities, Weirdness & Mutations

You are immune to sickness and miasma.
Your stone body is resilient. (AC +11)
You are immune to poison.
Your large and strong wings let you fly.
You resist negative energy. (rN+)
You are resistant to electric shocks. (rElec)
You are resistant to unholy torment.
You are immune to petrification.


Message History

Your spectral deep troll fades into mist!
An orc comes into view. It is wielding a +0 flail.
Things that are here:
a +0 troll leather armour; a troll corpse
Casting: Stone Arrow (safe; 1% risk of failure)
Confirm with . or Enter, or press ? or * to list all spells.
You don't have enough magic to cast this spell.
There is a stone staircase leading up here.
You fly upwards.
There is a stone staircase leading down here.
You start resting.
You start resting.
Magic restored.
You fly downwards.
The ogre hits you but does no damage. The orc hits you but does no damage.
There is a stone staircase leading up here.
The orc hits you but does no damage. The ogre barely misses you.
The stone giant hits you!
The ogre hits you with a +0 giant spiked club!!
You fly upwards.
There is a stone staircase leading down here.
Casting: Stone Arrow (safe; 1% risk of failure)
Confirm with . or Enter, or press ? or * to list all spells.
You begin to radiate toxic energy.
The orc is poisoned.
The ogre is poisoned.
The stone giant is poisoned.
The ogre is poisoned.
The orc looks even sicker.
The stone giant looks even sicker.
The stone giant hits you!! The orc hits you but does no damage.
The ogre closely misses you.
You kill the orc!
Kikubaaqudgha accepts your kill.
The ogre looks even sicker.
The stone giant looks even sicker.
The stone giant hits you.
The ogre looks even sicker.
The stone giant looks as sick as possible!
Your toxic aura wanes.
The stone giant throws a large rock.
The large rock hits you!!
* * * LOW HITPOINT WARNING * * *
The ogre attacks as you move away! The ogre closely misses you.
The stone giant throws a large rock.
The large rock hits you.
You die...
Kikubaaqudgha rasps: "You have failed me!
Welcome... oblivion!"

###...##.......#....#####
##...#...........###..# #
##.....#.#......# #..## ##
###.....####.....###...###.
#...))..###.............##.
##.)..#..#...#...........#.
##..####....#####....####...
#...## ##..#### #....# #...
##...####.@...###....####...
#...#.#O.....##......##....
###...O..#...#...##.....###
##...C###....#.#.....<# #
#.#..## ###..######..##
####.# ##.# #.### ### #.##
### ###


You could see a stone giant (extremely poisoned) and 2 ogres.

Vanquished Creatures
  Jorgrun (D:14)
  Nessos (D:14)
  Snorg (D:13)
  A fire dragon (Lair:5)
  Fannar (D:10)
  2 centaur warriors (D:14)
  4 boulder beetles
  8 two-headed ogres
  A tengu warrior (D:14)
  A deep troll (Orc:2)
  A lindwurm (Lair:5)
  2 wizards (D:14)
  An orc knight (Orc:2)
  3 ugly things
  5 cyclopes
  An elephant (Lair:5)
  A black mamba (Lair:5)
  2 torpor snails (Lair:5)
  8 cane toads
  4 komodo dragons
  2 rime drakes (Lair:5)
  A yaktaur (shapeshifter) (D:14)
  2 kobold demonologists
  An efreet (D:14)
  7 trolls
  3 tengu conjurers (D:14)
  5 hornets (Lair:5)
  A queen bee (Lair:2)
  A polar bear (Lair:5)
  2 tyrant leeches (Lair:5)
  12 blink frogs
  4 dream sheep (Lair:4)
  Prince Ribbit (D:5)
  A jumping spider (Lair:3)
  Sigmund (D:2)
  A yak (shapeshifter) (D:14)
  A water elemental (D:12)
  2 wraiths (D:11)
  2 shadows
  2 vampires
  5 slime creatures (D:14)
  30 yaks
  16 humans (D:14)
  Grum (D:11)
  2 basilisks
  3 steam dragons
  8 vampire mosquitoes
  An acid dragon (D:11)
  A swamp worm (shapeshifter) (D:14)
  15 water moccasins
  14 orc warriors
  A sky beast (D:7)
  2 black bears (D:4)
  2 wolves (D:11)
  8 ogres
  10 centaurs
  5 bullfrogs
  2 kobold brigands
  3 scorpions
  2 necrophages
  13 wights
  28 killer bees
  An electric eel (Lair:5)
  A howler monkey (D:9)
  A crimson imp (D:5)
  A lava snake (D:9)
  6 orc priests
  4 hounds
  A jelly (D:4)
  A human zombie (D:10)
  Crazy Yiuf (D:2)
  An iguana (D:6)
  Ijyb (D:5)
  5 orc wizards
  5 hell rats (Lair:1)
  A statue (D:7)
  Robin (D:3)
  9 adders
  4 gnolls
  3 white imps
  2 ufetubi
  8 worms
  2 dart slugs
  40 orcs
  5 endoplasms
  2 giant cockroaches
  19 goblins
  4 hobgoblins
  3 jackals (D:2)
  13 kobolds
  3 quokkas
  6 ball pythons
  5 bats
  3 frilled lizards
  5 rats
  A rat zombie (D:4)
441 creatures vanquished.

Vanquished Creatures (collateral kills)
  A fire crab (Lair:3)
  A manticore (D:14)
  3 elephants (Lair:5)
  2 rime drakes (Lair:5)
  3 torpor snails (Lair:5)
  4 cane toads
  A komodo dragon (Lair:2)
  A troll (D:14)
  2 tyrant leeches (Lair:5)
  2 hornets (Lair:5)
  4 blink frogs
  A culicivora (Lair:3)
  3 water elementals (D:12)
  9 yaks
  4 vampire mosquitoes (D:12)
  2 redbacks (Lair:3)
  A water moccasin (Lair:3)
  4 orc warriors (Orc:2)
  2 ogres (Orc:2)
  5 killer bees (Lair:2)
  An electric eel (Lair:1)
  An orc wizard (Orc:2)
  2 hell rats (Lair:1)
  5 orcs (Orc:2)
64 creatures vanquished.

Vanquished Creatures (others)
  Urug (D:14)
  2 dream sheep zombies (Lair:4)
  3 elephant zombies (Lair:5)
  4 blink frog zombies
  A rime drake zombie (Lair:5)
  2 water moccasin zombies
  A yak zombie (Lair:3)
  A basilisk zombie (Lair:1)
  An orc wizard (D:7)
  15 killer bee zombies (Lair:2)
  3 hell rat zombies (Lair:1)
  20 orc zombies (Orc:2)
  A bush (Lair:1)
  39 fungi
  80 plants
174 creatures vanquished.

Grand Total: 679 creatures vanquished

Notes
Turn   | Place    | Note
-------+----------+-------------------------------------------
     0 | D:1      | zero the Gargoyle Earth Elementalist began the quest for
                  | the Orb.
     0 | D:1      | Reached XP level 1. HP: 10/10 MP: 3/3
     0 | D:1      | Found Nuokor's Antique Armour Boutique.
   128 | D:1      | Reached XP level 2. HP: 15/15 MP: 3/5
   448 | D:1      | Reached skill level 3 in Spellcasting
   694 | D:1      | Reached XP level 3. HP: 19/19 MP: 4/7
   698 | D:1      | Learned a level 2 spell: Passwall
   702 | D:1      | Learned a level 3 spell: Stone Arrow
   911 | D:2      | You fall into a shaft and drop 2 floors!
   932 | D:4      | Reached XP level 4. HP: 24/24 MP: 4/9
   983 | D:4      | Reached skill level 4 in Spellcasting
   987 | D:4      | Noticed a necrophage
  1005 | D:4      | Killed a necrophage
  1006 | D:4      | Reached XP level 5. HP: 18/28 MP: 1/12
  1189 | D:4      | Reached skill level 5 in Spellcasting
  1495 | D:3      | Found Zin's Purification Station.
  1495 | D:3      | Found a glowing silver altar of Zin.
  1505 | D:3      | Noticed Grinder
  2224 | D:2      | Noticed Sigmund
  2231 | D:2      | Killed Sigmund
  2232 | D:2      | Reached skill level 5 in Earth Magic
  2232 | D:2      | Reached skill level 1 in Fighting
  2232 | D:2      | Reached skill level 1 in Transmutations
  2232 | D:2      | Reached XP level 6. HP: 18/34 MP: 0/13
  2331 | D:2      | Found a runed translucent door.
  2332 | D:2      | Noticed Crazy Yiuf
  2460 | D:2      | Killed Crazy Yiuf
  2461 | D:2      | Reached skill level 1 in Conjurations
  2461 | D:2      | Reached skill level 1 in Necromancy
  2873 | D:3      | Found a blossoming altar of Fedhas.
  3077 | D:3      | Noticed Robin
  3088 | D:3      | Killed Robin
  3635 | D:4      | Found a shadowy altar of Dithmenos.
  3635 | D:4      | Noticed a black bear
  3639 | D:4      | Killed a black bear
  3640 | D:4      | Reached XP level 7. HP: 38/38 MP: 9/15
  3716 | D:4      | Found Ziucuij's Armour Emporium.
  4347 | D:4      | Found an opulent altar of Gozag.
  4409 | D:4      | Found a bloodstained altar of Trog.
  4535 | D:4      | Found a sacrificial altar of Ru.
  4904 | D:5      | Entered Level 5 of the Dungeon
  4910 | D:5      | Reached skill level 1 in Armour
  4910 | D:5      | Reached XP level 8. HP: 44/44 MP: 13/16
  5099 | D:5      | Noticed Prince Ribbit
  5104 | D:5      | Killed Prince Ribbit
  5105 | D:5      | Reached skill level 6 in Spellcasting
  5350 | D:5      | Found a shimmering altar of Xom.
  5350 | D:5      | Found a burning altar of Makhleb.
  5375 | D:5      | Found a broken altar of Ashenzari.
  5434 | D:5      | Noticed Ijyb
  5466 | D:5      | Killed Ijyb
  6267 | D:6      | Reached skill level 5 in Conjurations
  6383 | D:6      | Reached XP level 9. HP: 52/52 MP: 11/19
  6848 | D:6      | Found an ornate altar of the Wu Jian Council.
  6910 | D:6      | Found a hide-covered altar of Uskayaw.
  6966 | D:6      | Found an ancient bone altar of Kikubaaqudgha.
  7181 | D:6      | Became a worshipper of Kikubaaqudgha
  7296 | D:7      | Found a hazy altar of Hepliaklqana.
  7315 | D:7      | Reached skill level 7 in Spellcasting
  7370 | D:7      | Reached skill level 5 in Fighting
  7481 | D:7      | Found a staircase to the Ecumenical Temple.
  7532 | D:7      | Found a glowing golden altar of the Shining One.
  7690 | D:7      | Found an iron altar of Okawaru.
  7986 | D:7      | Found a sparkling altar of Nemelex Xobeh.
  8090 | D:7      | Found a snail-covered altar of Cheibriados.
  8090 | D:7      | Found a stormy altar of Qazlal.
  8090 | D:7      | Found a white marble altar of Elyvilon.
  8119 | D:7      | Found a radiant altar of Vehumet.
  8525 | D:8      | Reached * piety under Kikubaaqudgha
  8525 | D:8      | Received a gift from Kikubaaqudgha
  8526 | D:8      | Reached XP level 10. HP: 47/59 MP: 4/21
  8531 | D:8      | Learned a level 4 spell: Animate Dead
  8536 | D:8      | Learned a level 4 spell: Olgreb's Toxic Radiance
  8542 | D:8      | Learned a level 5 spell: Fireball
  8692 | D:8      | Found a staircase to the Lair.
  8725 | D:8      | Noticed a two-headed ogre
  8731 | D:8      | Killed a two-headed ogre
  8732 | D:8      | Reached skill level 1 in Fire Magic
  8732 | D:8      | Reached skill level 1 in Poison Magic
  8883 | D:8      | Found Zyrubbou's General Store.
  8942 | D:8      | Bought a scroll of identify for 20 gold pieces
  8945 | D:8      | Found Zyhufeyr's Book Emporium.
  9171 | D:8      | Reached skill level 8 in Spellcasting
 10057 | D:9      | Reached skill level 1 in Ranged Weapons
 10329 | D:9      | Found a staircase to the Orcish Mines.
 10567 | D:10     | Entered Level 10 of the Dungeon
 10570 | D:10     | Reached ** piety under Kikubaaqudgha
 10651 | D:10     | Noticed a two-headed ogre
 10656 | D:10     | Killed a two-headed ogre
 10657 | D:10     | Reached skill level 5 in Necromancy
 10698 | D:10     | Reached XP level 11. HP: 64/64 MP: 13/23
 10876 | D:10     | Reached skill level 10 in Earth Magic
 10998 | D:10     | Noticed a two-headed ogre
 11007 | D:10     | Killed a two-headed ogre
 11131 | D:10     | Found a runed translucent door.
 11141 | D:10     | Found a basalt altar of Yredelemnul.
 11405 | D:10     | Found a portal to a secret trove of treasure.
 11416 | D:10     | Noticed Fannar
 11419 | D:10     | Noticed a two-headed ogre
 11423 | D:10     | Killed Fannar
 11686 | D:10     | Killed a two-headed ogre
 12795 | D:11     | Reached skill level 5 in Armour
 12891 | D:11     | Noticed a cyclops
 12900 | D:11     | Killed a cyclops
 12922 | D:11     | Noticed Grum
 12929 | D:11     | Reached *** piety under Kikubaaqudgha
 12929 | D:11     | Received a gift from Kikubaaqudgha
 12942 | D:11     | Killed Grum
 13139 | D:11     | Learned a level 5 spell: Borgnjor's Vile Clutch
 13256 | D:11     | Noticed a cyclops
 13267 | D:11     | Killed a cyclops
 13268 | D:11     | Reached skill level 9 in Spellcasting
 13268 | D:11     | Reached XP level 12. HP: 71/71 MP: 14/25
 13275 | D:11     | Learned a level 6 spell: Death Channel
 14054 | D:12     | Noticed a boulder beetle
 14061 | D:12     | Killed a boulder beetle
 14318 | D:12     | Reached skill level 5 in Fire Magic
 14423 | D:12     | Found a runed translucent gate.
 14442 | D:12     | Found a runed translucent gate.
 14444 | D:12     | Found a runed translucent gate.
 14444 | D:12     | Noticed a nine-headed hydra
 14444 | D:12     | Noticed a 13-headed hydra
 14444 | D:12     | Noticed heinrich's ghost (journeyman VSBr)
 14475 | D:12     | Reached skill level 5 in Poison Magic
 15479 | D:13     | Noticed Snorg
 15483 | D:13     | Noticed a two-headed ogre
 15486 | D:13     | Killed Snorg
 15489 | D:13     | Killed a two-headed ogre
 15798 | D:13     | Noticed a two-headed ogre
 15806 | D:13     | Killed a two-headed ogre
 16408 | D:14     | Reached skill level 10 in Spellcasting
 16603 | Lair:1   | Entered Level 1 of the Lair of Beasts
 16995 | Lair:1   | Reached skill level 5 in Ranged Weapons
 17648 | Lair:1   | Reached XP level 13. HP: 78/78 MP: 27/27
 17666 | Lair:1   | Reached **** piety under Kikubaaqudgha
 19239 | Lair:3   | Reached skill level 11 in Spellcasting
 19247 | Lair:3   | Found a staircase to the Swamp.
 20202 | Lair:3   | Found a hole to the Spider Nest.
 20413 | Lair:4   | Reached ***** piety under Kikubaaqudgha
 20569 | Lair:4   | Found a runed translucent door.
 20569 | Lair:4   | Found a viscous altar of Jiyva.
 20576 | Lair:4   | Found a staircase to the Slime Pits.
 20577 | Lair:4   | Noticed an azure jelly
 20577 | Lair:4   | Noticed an azure jelly
 21292 | Lair:5   | Entered Level 5 of the Lair of Beasts
 21565 | Lair:5   | Identified the ring "Xuittuc" {Fly rElec rF+ Will- Slay+2}
 22377 | Lair:5   | Gained mutation: Your large and strong wings let you fly.
                  | [Gargoyle growth]
 22377 | Lair:5   | Reached XP level 14. HP: 66/86 MP: 17/29
 22589 | Lair:5   | Found a runed translucent door.
 22826 | Lair:5   | Learned a level 6 spell: Simulacrum
 22840 | Lair:5   | Reached skill level 1 in Ice Magic
 23687 | Lair:5   | Reached skill level 10 in Fighting
 23687 | Lair:5   | Reached skill level 10 in Conjurations
 24082 | D:14     | Noticed Urug
 24082 | D:14     | Noticed Nessos
 24082 | D:14     | Found a gate to the Vaults.
 24100 | D:14     | Killed Urug
 24108 | D:14     | Killed Nessos
 24655 | D:14     | Noticed Jorgrun
 24661 | D:14     | Killed Jorgrun
 24662 | D:14     | Reached skill level 12 in Spellcasting
 25353 | D:14     | Reached skill level 5 in Ice Magic
 26049 | Orc:1    | Entered Level 1 of the Orcish Mines
 26345 | Orc:2    | Entered Level 2 of the Orcish Mines
 26359 | Orc:2    | Reached ****** piety under Kikubaaqudgha
 26589 | Orc:2    | Noticed a stone giant
 26609 | Orc:2    | Reached XP level 15. HP: 92/92 MP: 2/31
 26745 | Orc:1    | HP: 4/92 [stone giant/large rock (31)]
 26746 | Orc:1    | Hit by a large rock thrown by a stone giant

Illustrated notes

Levels and vault maps discovered:
D:1:      lightli_arrival_chessboard, layout_loops_ring, serial_shops, shop
D:2:      layout_loops_ring, uniq_crazy_yiuf_cottage, uniq_sigmund
D:3:      layout_basic, zin_purify, mainiacjoe_overflow_small_starburst,
          uniq_grinder, uniq_robin
D:4:      layout_loops_ring, mainiacjoe_overflow_paths, lemuel_tele_altar,
          nicolae_ru_the_path_less_chosen, grunt_gozag_statues, serial_shops,
          shop, enter_ossuary_4
D:5:      layout_loops_ring, ashenzari_altar_1,
          grunt_temple_overflow_champion_of_chaos, nicolae_wormholes,
          uniq_prince_ribbit1, uniq_ijyb
D:6:      layout_loops_ring, nicolae_uskayaw_suspiria, nzn_wu_jian_council_hall,
          lemuel_coloured_pillars_altar, palyth_stone_intersect
D:7:      layout_basic, lemuel_crystal_altar, tso_metal_star,
          kennysheep_mini_moat, nemelex_spade_bored_becter,
          gammafunk_temple_overflow_claw, vehumet_statue,
          minmay_temple_entry_statues_fountains
D:8:      layout_rooms, lair_entry_dummy, serial_shops, nicolae_diamond_shop,
          nicolae_shop_trees
D:9:      layout_long_grid, david_orc_2, kennysheep_dice
D:10:     layout_loops_ring, dk_yredelemnul_ordeal, enter_trove_1, uniq_fannar
D:11:     layout_basic, uniq_grum
D:12:     layout_long_grid, gammafunk_ghost_hydra_chop,
          nicolae_underground_beach
D:13:     layout_irregular_city, uniq_snorg
D:14:     layout_irregular_city, david_vaults_3, minmay_joined_circles,
          uniq_jorgrun
Lair:1:   layout_cave_pods, serial_bayou_shore_b, serial_bayou_shore_a
Lair:2:   layout_gridlike, special_room [special_room_bee], minivault_23,
          infiniplex_staircase_pool_2
Lair:3:   layout_regular_city, swamp_mist, spider_nest_entry_funnel_web,
          grunt_megastairs_4
Lair:4:   layout_misc_corridors, slime_entry_2
Lair:5:   wormcave, layout_small_grid, minmay_lair_drake_nest,
          infiniplex_staircase_pool
Orc:1:    layout_diamond_mine, uniq_nergalle
Orc:2:    st_orc_open, layout_caves, ebering_ghost_rock_garden

Skill      XL: |  1  2  3  4  5  6  7  8  9 10 11 12 13 14 |
---------------+-------------------------------------------+-----
Spellcasting   | 3 4 5 6 7 8 9 10 11 12 | 12.3
Earth Magic    | 5 6 7 9 10 | 10.0
Fighting       | 1 4 5 6 8 9 10 | 10.0
Transmutations | 1 |  1.0
Conjurations   | 2 3 5 6 7 9 10 | 10.0
Necromancy     | 1 4 5 6 7 9 |  9.8
Dodging        | 2 |  2.0
Armour         | 1 3 5 |  5.0
Fire Magic     | 3 4 5 6 |  6.0
Poison Magic   | 3 4 5 6 |  6.0
Ranged Weapons | 2 3 5 |  5.0
Ice Magic      | 6 |  6.3
Stealth        | |  2.1

Action                   |  1- 3 |  4- 6 |  7- 9 | 10-12 | 13-15 || total
-------------------------+-------+-------+-------+-------+-------++-------
Melee: Unarmed           |    13 |       |       |       |       ||    13
       Dagger            |     4 |    15 |     1 |       |       ||    20
       Trident           |       |       |    33 |       |       ||    33
       Shortbow          |       |       |       |     2 |       ||     2
 Fire: Shortbow          |       |       |    29 |   311 |   188 ||   528
 Cast: Sandblast         |    30 |    71 |    79 |       |       ||   180
       Stone Arrow       |       |     6 |    52 |   176 |   143 ||   377
       Borgnjor's Vile C |       |       |       |    18 |    38 ||    56
       Animate Dead      |       |       |       |     5 |    10 ||    15
       Olgreb's Toxic Ra |       |       |       |     3 |    17 ||    20
       Fireball          |       |       |       |     1 |     8 ||     9
       Death Channel     |       |       |       |       |    16 ||    16
Evoke: Wand              |       |       |       |       |     6 ||     6
  Use: Scroll            |     1 |       |    19 |    15 |     3 ||    38
       Potion            |       |       |       |       |     4 ||     4
 Stab: Sleeping          |     1 |       |     4 |       |       ||     5
Armor: Robe              |    13 |    16 |    27 |    39 |   120 ||   215
       Steam dragon scal |       |       |    12 |    40 |       ||    52
Dodge: Dodged            |    21 |    45 |   129 |   207 |   207 ||   609
Block: Other             |       |       |     5 |    47 |       ||    52
       Reflection        |       |       |     1 |     8 |       ||     9

Table legend: (Time is in decaauts)
 A = Elapsed time spent in this place.
 B = Non-inter-level travel time spent in this place.
 C = Inter-level travel time spent in this place.
 D = Time resting spent in this place.
 E = Time spent auto-exploring this place.
 F = Levels seen in this place.
 G = Mean time per level.
                   A        B        C        D        E       F      G
               +--------+--------+--------+--------+--------+-----+--------+
         Total |  28036 |  26351 |   1685 |   6017 |  17268 |  21 | 1335.0 |
       Dungeon |  19061 |  17786 |   1275 |   4519 |  11131 |  14 | 1361.5 |
          Lair |   8260 |   7874 |    386 |   1211 |   5832 |   5 | 1652.0 |
  Orcish Mines |    715 |    692 |     23 |    286 |    305 |   2 |  357.5 |
               +--------+--------+--------+--------+--------+-----+--------+

Top non-repeatable levels by time:
  Lair:5: 2799 daAuts
    D:11: 1838 daAuts
    D:14: 1693 daAuts
  Lair:3: 1609 daAuts
    D:10: 1566 daAuts
  Lair:1: 1516 daAuts
     D:3: 1509 daAuts
     D:4: 1499 daAuts
    D:12: 1470 daAuts
     D:9: 1466 daAuts
    D:13: 1435 daAuts
     D:5: 1333 daAuts
     D:7: 1283 daAuts
  Lair:4: 1202 daAuts
  Lair:2: 1131 daAuts
